 Dungeon Crawl Stone Soup version 0.32-a0-630-g46d191b (webtiles) character file.

Game seed: 6436974788014085747

19117 Nurvuk the Cleaver (level 12, -12/92 HPs)
             Began as a Coglin Gladiator on Mar 6, 2024.
             Was a High Priest of Cheibriados.
             Mangled by a cyan ugly thing (17 damage)
             ... on level 11 of the Dungeon.
             The game lasted 00:26:21 (12731 turns).

Nurvuk the Cleaver (Coglin Gladiator)              Turns: 12731, Time: 00:26:23

Health: -12/92     AC: 15    Str: 29    XL:     12   Next: 65%
Magic:  14/14      EV: 20    Int: 19    God:    Cheibriados [*****.]
Gold:   562        SH:  0    Dex: 31    Spells: 11/11 levels left

rFire   + . .        a - +1 war axe {Ur-Dumizida}
rCold   . . .        m - +1 war axe {Chun}
rNeg    . . .        L - +0 acid dragon scales
rPois   .            g - +2 hat
rElec   .            v - +2 cloak
rCorr   +            (no gloves)
SInv    .            p - +0 pair of boots
Will    .....        (amulet unavailable)
Stlth   ++           (ring unavailable)
HPRegen 0.35/turn    (ring unavailable)
MPRegen 0.14/turn    (no gizmo)

%: no passive effects
@: revving, very slow
A: off-hand wielding, slow wielding, warmup strikes, no jewellery, fire
resistance 1, shaggy fur 1
a: Invent Gizmo, Renounce Religion, Bend Time, Temporal Distortion, Slouch, Step
From Time


You were on level 11 of the Dungeon.
You worshipped Cheibriados.
Cheibriados was extremely pleased with you.
You visited 2 branches of the dungeon, and saw 12 of its levels.
You also visited: Ossuary.

You collected 562 gold pieces.

Inventory:

Hand Weapons
 a - a +1 war axe (weapon) {Ur-Dumizida}
 m - a +1 war axe (offhand) {Chun}
Missiles
 e - 6 javelins
Armour
 g - a +2 hat (worn)
 p - a +0 pair of boots (worn)
 u - a +0 plate armour
 v - a +2 cloak (worn)
 K - a +0 scale mail
 L - +0 acid dragon scales (worn)
Wands
 j - a wand of flame (22) (quivered)
 r - a wand of paralysis (11)
 s - a wand of roots (6)
Scrolls
 b - a scroll of fog {unknown}
 c - 2 scrolls of immolation
 f - 2 scrolls of revelation
 i - 2 scrolls of vulnerability
 l - 3 scrolls of teleportation
 y - 3 scrolls of amnesia
 C - 2 scrolls of fear
 D - a scroll of poison
Potions
 h - 4 potions of enlightenment
 n - a potion of haste
 o - 5 potions of curing
 q - 4 potions of attraction
 x - 3 potions of ambrosia
 z - 2 potions of brilliance
 A - a potion of magic {unknown}
 E - a potion of lignification
 G - a potion of resistance {unknown}
 H - a potion of mutation
 I - 2 potions of degeneration {unknown}


   Skills:
 - Level 8.0 Fighting
 - Level 14.0 Axes
 - Level 1.7 Throwing
 - Level 8.0 Armour
 - Level 8.0 Dodging
 + Level 3.4 Invocations
 + Level 5.6 Evocations


You had 11 spell levels left.
You didn't know any spells.
Your spell library contained the following spells:

 Spells                   Type           Power      Damage    Failure   Level
 Necrotise                Necr           0%         1d4       24%         1
 Summon Small Mammal      Summ           0%         N/A       24%         1
 Ensorcelled Hibernation  Hex/Ice        0%         N/A       34%         2
 Call Canine Familiar     Summ           0%         N/A       56%         3
 Frozen Ramparts          Ice            0%         1d1       56%         3
 Fugue of the Fallen      Necr           0%         N/A       56%         3
 Gell's Gravitas          Tloc           0%         N/A       56%         3
 Ozocubu's Armour         Ice            0%         N/A       56%         3
 Teleport Other           Tloc           0%         N/A       56%         3
 Tukima's Dance           Hex            0%         N/A       56%         3
 Vampiric Draining        Necr           0%         2d6       56%         3
 Anguish                  Hex/Necr       0%         N/A       93%         4
 Dimensional Bullseye     Hex/Tloc       0%         N/A       93%         4
 Iskenderun's Mystic Bla  Conj/Tloc      0%         2d3       93%         4
 Leda's Liquefaction      Alch/Erth      0%         N/A       93%         4
 Martyr's Knell           Necr/Summ      0%         N/A       93%         4
 Petrify                  Alch/Erth      0%         N/A       93%         4
 Summon Blazeheart Golem  Fire/Summ      0%         N/A       93%         4
 Curse of Agony           Necr           0%         N/A       100%        5
 Metabolic Englaciation   Hex/Ice        0%         N/A       100%        5
 Dispersal                Tloc           0%         N/A       100%        6
 Sculpt Simulacrum        Ice/Alch       0%         N/A       100%        6


Dungeon Overview and Level Annotations

Branches:
Dungeon (11/15)            Temple (1/1) D:5            Lair (0/5) D:10
    Orc (0/2) D:9         Ossuary (visited)

Altars:
Ashenzari
Cheibriados
Dithmenos
Elyvilon
Fedhas
Gozag
Hepliaklqana
Kikubaaqudgha
Makhleb
Nemelex Xobeh
Okawaru
Qazlal
Ru
Sif Muna
Trog
Uskayaw
Vehumet
Wu Jian
Xom
Yredelemnul
Zin
The Shining One

Shops:
D:8 =   D:11 :*


Innate Abilities, Weirdness & Mutations

You can wield a second weapon in your off-hand.
It takes a long time for you to wield or remove held weapons.
Your first few attacks do less damage.
You cannot equip rings or amulets.
Your flesh is heat resistant. (rF+)
You are covered in fur. (AC +1)


Message History

The troll completely misses you. The troll closely misses you.
The troll barely misses you.
You slash the troll with your +1 war axe!
The troll is severely wounded.
You closely miss the troll with your +1 war axe.
The troll bites you!
* * * LOW HITPOINT WARNING * * *
The troll claws you.
* * * LOW HITPOINT WARNING * * *
The troll misses you.
Okay, then.
Unknown command.
You slash the troll with your +1 war axe!
The troll is almost dead.
You hit the troll with your +1 war axe.
You kill the troll!
Cheibriados appreciates the change of pace.
The troll leather armour is intact enough to wear.
Press: ? - help, v - describe, . - travel The floor, spattered with blood.
A cyan ugly thing comes into view.
The cyan ugly thing gurgles horribly!
The cyan ugly thing enters a dispersal trap!
You blink.
A cyan ugly thing is nearby!
The cyan ugly thing bites you.
* * * LOW HITPOINT WARNING * * *
The cyan ugly thing shocks you!
* * * LOW HITPOINT WARNING * * *
You slice the cyan ugly thing with your +1 war axe!!
The cyan ugly thing is moderately wounded.
You slash the cyan ugly thing with your +1 war axe!
You slash the cyan ugly thing with your +1 war axe!
The cyan ugly thing is severely wounded.
You hit the cyan ugly thing with your +1 war axe.
The cyan ugly thing bites you.
* * * LOW HITPOINT WARNING * * *
The cyan ugly thing shocks you!
You die...
Cheibriados appreciates the motionlessness of death.

##############.###.#
...............###.#
#.####.............#
#.##.....#...#...#.#
#.##.#..#######....#
#.##[#..# #.#..#
.)[.....## ##...##
#.##.#.#.## ##.#u##
#.##^#.##.###.##@#
#.##.#.###...###.#
..#....# #.### #.#
.......# #.# #.#
.##...## #.# #.#
.###.#####.# #.#
.###........ ..#
...........# ###
.###########


You could see a cyan ugly thing.

Vanquished Creatures
  An orc warlord (D:11)
  A stone giant (D:11)
  A two-headed ogre (D:6)
  2 boulder beetles (D:11)
  3 skeletal warriors (D:11)
  The ghost of rotlqkf the Skirmisher, a novice CoHu of Okawaru (D:7)
  A manticore (D:11)
  A cyclops (D:11)
  2 elephants (D:10)
  2 slime creatures (D:11)
  A gargoyle (D:6)
  Jeremiah (D:7)
  Maggie (D:7)
  An unseen horror (D:11)
  A troll (D:11)
  A wraith (D:11)
  4 wyverns
  A shadow (D:10)
  21 yaks
  10 vampire mosquitoes
  2 acid dragons (D:11)
  A water moccasin (D:6)
  A sky beast (D:5)
  6 orc warriors
  A black bear (D:8)
  7 ogres
  6 centaurs
  4 elf zombies (Ossuary)
  A kobold brigand (D:6)
  2 scorpions
  3 bullfrogs
  A gnoll sergeant (D:10)
  19 killer bees
  4 howler monkeys
  A bombardier beetle (D:5)
  3 centaur zombies (Ossuary)
  A jelly (D:5)
  2 hounds (D:6)
  2 human zombies (Ossuary)
  2 orc priests
  Crazy Yiuf (D:4)
  2 gnoll boudas
  A spectral scorpion (Ossuary)
  7 iguanas
  8 orc wizards
  A crocodile zombie (Ossuary)
  3 mummies (Ossuary)
  8 adders
  11 gnolls
  4 shadow imps
  A white imp (D:5)
  2 ufetubi (D:6)
  3 ribbon worms
  4 dart slugs
  29 orcs
  8 bats
  2 endoplasms (D:1)
  3 goblins
  7 hobgoblins
  4 jackals
  14 kobolds
  4 quokkas
  6 ball pythons
  3 frilled lizards
  5 rats
267 creatures vanquished.

Vanquished Creatures (others)
  An unseen horror (D:11)
1 creature vanquished.

Grand Total: 268 creatures vanquished

Notes
Turn   | Place    | Note
-------+----------+-------------------------------------------
     0 | D:1      | Nurvuk the Coglin Gladiator began the quest for the Orb.
     0 | D:1      | Reached XP level 1. HP: 16/16 MP: 1/1
   104 | D:1      | Reached XP level 2. HP: 22/22 MP: 2/2
   747 | D:2      | Reached XP level 3. HP: 28/28 MP: 3/3
   780 | D:2      | HP: 1/29 [poisoned by an adder]
   930 | D:2      | Reached XP level 4. HP: 35/35 MP: 4/4
  1402 | D:3      | Found a sacrificial altar of Ru.
  1465 | D:3      | Reached skill level 4 in Axes
  2088 | D:4      | Noticed an ogre
  2091 | D:4      | Reached XP level 5. HP: 42/42 MP: 5/5
  2096 | D:4      | Killed an ogre
  2376 | D:4      | Noticed an ogre
  2385 | D:4      | Killed an ogre
  2386 | D:4      | Reached skill level 5 in Axes
  2386 | D:4      | Reached XP level 6. HP: 49/49 MP: 6/6
  2670 | D:4      | Found a runed translucent door.
  2671 | D:4      | Noticed Crazy Yiuf
  2682 | D:4      | Killed Crazy Yiuf
  3011 | D:5      | Entered Level 5 of the Dungeon
  3019 | D:5      | Reached skill level 5 in Fighting
  3106 | D:5      | Reached XP level 7. HP: 52/56 MP: 7/7
  3111 | D:5      | Reached skill level 6 in Axes
  3271 | D:5      | Reached XP level 8. HP: 55/65 MP: 8/8
  3420 | D:5      | Found a sand-covered staircase.
  3425 | Ossuary  | Entered an ossuary
  3446 | Ossuary  | Reached skill level 7 in Axes
  3645 | Ossuary  | Reached skill level 8 in Axes
  3913 | D:5      | Found a staircase to the Ecumenical Temple.
  3950 | Temple   | Entered the Ecumenical Temple
  3956 | Temple   | Became a worshipper of Cheibriados the Contemplative
  4202 | D:5      | Reached skill level 9 in Axes
  4587 | D:6      | Reached XP level 9. HP: 67/72 MP: 9/9
  4856 | D:6      | Reached * piety under Cheibriados
  5017 | D:6      | Noticed a two-headed ogre
  5024 | D:6      | Killed a two-headed ogre
  5025 | D:6      | Reached skill level 10 in Axes
  5027 | D:6      | Reached skill level 11 in Axes
  5364 | D:6      | Noticed a gargoyle
  5373 | D:6      | Killed a gargoyle
  5701 | D:6      | Found a glowing silver altar of Zin.
  5978 | D:6      | Reached skill level 12 in Axes
  6102 | D:7      | Noticed Maggie
  6115 | D:7      | Killed Maggie
  6116 | D:7      | Reached XP level 10. HP: 18/79 MP: 10/10
  6389 | D:7      | Found a sparkling altar of Nemelex Xobeh.
  6390 | D:7      | Found a broken altar of Ashenzari.
  6448 | D:7      | Noticed rotlqkf's ghost (novice CoHu)
  6526 | D:7      | Noticed Jeremiah
  6533 | D:7      | Gained mutation: Your flesh is heat resistant. (rF+)
                  | [potion of mutation]
  6533 | D:7      | Gained mutation: You are covered in fur. (AC +1) [potion of
                  | mutation]
  6548 | D:7      | Killed Jeremiah
  6697 | D:7      | Reached ** piety under Cheibriados
  6992 | D:7      | Found a transporter.
  6996 | D:7      | Found a transporter.
  7099 | D:8      | Reached skill level 13 in Axes
  7104 | D:8      | Reached skill level 1 in Armour
  7594 | D:8      | Found Zuddiudd's Jewellery Shoppe.
  7703 | D:8      | Found an opulent altar of Gozag.
  8096 | D:8      | Reached *** piety under Cheibriados
  8136 | D:8      | Found an ancient bone altar of Kikubaaqudgha.
  8155 | D:8      | Reached skill level 5 in Dodging
  8332 | D:9      | Reached XP level 11. HP: 26/84 MP: 11/11
  8530 | D:9      | Found a radiant altar of Vehumet.
  8575 | D:9      | Reached skill level 5 in Armour
  9156 | D:9      | Reached **** piety under Cheibriados
  9200 | D:9      | Found a staircase to the Orcish Mines.
  9479 | D:7      | Killed rotlqkf's ghost
  9710 | D:10     | Entered Level 10 of the Dungeon
 10041 | D:10     | Reached ***** piety under Cheibriados
 10174 | D:10     | Found a staircase to the Lair.
 10351 | D:10     | Found a bloodstained altar of Trog.
 10494 | D:11     | Noticed a boulder beetle
 10759 | D:11     | Killed a boulder beetle
 10942 | D:11     | Noticed a boulder beetle
 10960 | D:11     | Killed a boulder beetle
 11180 | D:11     | Reached XP level 12. HP: 42/91 MP: 12/12
 11192 | D:11     | HP: 6/136 [manticore (9)]
 11253 | D:11     | Noticed a stone giant
 11487 | D:11     | HP: 3/92 [skeletal warrior/+0 short sword (4)]
 11953 | D:11     | Noticed an orc warlord
 11970 | D:11     | Killed an orc warlord
 12133 | D:11     | Found Moerubbac's Book Shop.
 12138 | D:11     | Reached skill level 14 in Axes
 12147 | D:11     | Reached skill level 1 in Evocations
 12181 | D:11     | Found Dypn's General Store.
 12198 | D:11     | Reached skill level 1 in Invocations
 12685 | D:11     | Killed a stone giant
 12686 | D:11     | Reached skill level 5 in Evocations
 12731 | D:11     | Mangled by a cyan ugly thing

Illustrated notes

Levels and vault maps discovered:
D:1:      minmay_arrival_three_doors, layout_rooms, st_stairs_4,
          chequers_garden, grunt_decor_arrowhead, minivault_5, moated_statue
D:2:      layout_basic, minmay_octomino_c4
D:3:      layout_loops_ring, nicolae_ru_awakened_eye
D:4:      cheibrodos_helix_gallery, layout_layer_cave, uniq_crazy_yiuf_cottage
D:5:      layout_basic, minmay_temple_entry_hall, enter_ossuary_5,
          grunt_ministairs_3, kennysheep_generic_room_10
D:6:      layout_basic, zin_scriptorium, grunt_potential
D:7:      layout_basic, minitemple, gammafunk_ghost_hive, uniq_maggie,
          uniq_jeremiah
D:8:      layout_basic, mainiacjoe_overflow_brackets,
          nicolae_gozag_seed_capital, serial_shops, nicolae_shop_back_alley_shop
D:9:      layout_loops_corners, mainiacjoe_overflow_small_starburst, orc_0_dummy
D:10:     layout_rooms, kennysheep_mini_moat, grunt_lair_entry_orc_guard_hut
D:11:     nzn_winding_woodlands_small [nzn_winding_woodlands_5x15_zeroes,
          nzn_winding_woodlands_center_garden,
          nzn_winding_woodlands_5x15_lazy_stream], layout_loops_ring,
          serial_shops, shop, shop, shop, ebering_ghost_inner_flame,
          serial_library_hellmonk_small_corner
Temple:   nicolae_temple_ecumenical_triangle

Skill      XL: |  1  2  3  4  5  6  7  8  9 10 11 12 |
---------------+-------------------------------------+-----
Dodging        | 3 5 8 |  8.0
Fighting       | 3 4 5 6 7 8 |  8.0
Axes           | 4 5 6 9 12 13 14 | 14.0
Armour         | 4 8 |  8.0
Evocations     | 5 |  5.6
Invocations    | 3 |  3.4
Throwing       | |  1.7

Action                     |  1- 3 |  4- 6 |  7- 9 | 10-12 || total
---------------------------+-------+-------+-------+-------++-------
  Melee: War axe           |    56 |   139 |   367 |   757 ||  1319
         Dagger            |     9 |       |       |       ||     9
         Rapier            |    16 |       |       |       ||    16
  Throw: Throwing net      |       |     3 |     1 |     2 ||     6
         Dart              |       |       |     1 |       ||     1
 Invoke: Bend Time         |       |       |       |     2 ||     2
         Temporal Distorti |       |       |       |     1 ||     1
  Evoke: Wand              |       |       |       |     1 ||     1
    Use: Potion            |     1 |       |     4 |     6 ||    11
         Scroll            |       |     4 |     3 |    13 ||    20
   Stab: Sleeping          |     1 |     1 |       |     2 ||     4
         Held in net/web   |       |     1 |     2 |     3 ||     6
 Armour: Leather armour    |    43 |    37 |   111 |   186 ||   377
         Acid dragon scale |       |       |       |    93 ||    93
         Skin              |       |       |       |    24 ||    24
  Dodge: Dodged            |    36 |    43 |   107 |   352 ||   538

Table legend: (Time is in decaauts)
 A = Elapsed time spent in this place.
 B = Non-inter-level travel time spent in this place.
 C = Inter-level travel time spent in this place.
 D = Time resting spent in this place.
 E = Time spent auto-exploring this place.
 F = Levels seen in this place.
 G = Mean time per level.
                   A        B        C        D        E       F      G
               +--------+--------+--------+--------+--------+-----+--------+
         Total |  15167 |  14649 |    518 |      0 |  11793 |  13 | 1166.7 |
       Dungeon |  14855 |  14338 |    517 |      0 |  11628 |  11 | 1350.5 |
        Temple |     20 |     19 |      1 |      0 |      0 |   1 |   20.0 |
       Ossuary |    292 |    292 |      0 |      0 |    165 |   1 |  292.0 |
               +--------+--------+--------+--------+--------+-----+--------+

Top non-repeatable levels by time:
    D:11: 2122 daAuts
     D:6: 1927 daAuts
     D:9: 1716 daAuts
     D:8: 1674 daAuts
     D:7: 1667 daAuts
    D:10: 1496 daAuts
     D:4: 1160 daAuts
     D:5: 1104 daAuts
     D:3: 750 daAuts
     D:2: 643 daAuts
     D:1: 590 daAuts
 Ossuary: 292 daAuts
  Temple: 20 daAuts
